Description

2-1-1 timing opening

Replay - TvP

Build Order

Get SALT Encoding   

  6  0:00  SCV  
  13  0:12  SCV  
  14  0:19  Supply Depot  
  14  0:24  SCV  
  15  0:30  Refinery  
  15  0:41  SCV  
  16  0:47  Barracks  
  16  0:53  SCV  
  17  1:05  SCV  
  18  1:17  SCV  
  19  1:34  Reaper, Orbital Command  
  20  1:48  Command Center  
  20  1:59  SCV  
  21  2:03  Factory  
  21  2:08  Barracks Reactor  
  21  2:11  SCV  
  21  2:14  Refinery  
  22  2:20  Supply Depot  
  22  2:23  SCV  
  23  2:34  Barracks  
  24  2:45  Marine x2  
  24  2:47  Widow Mine  
  29  3:00  Orbital Command  
  29  3:03  Marine x2  
  32  3:18  Cyclone  
  35  3:22  Barracks Tech Lab  
  36  3:28  Marine x2  
  39  3:39  Supply Depot  
  40  3:44  Marine x2  
  42  3:53  Marine  
  45  4:01  Cyclone  
  48  4:05  Supply Depot  
  50  4:10  Marine  
  54  4:27  Supply Depot  
  56  4:34  Factory Reactor  
  56  4:36  Starport  
  60  4:45  Engineering Bay  
Spawning Tool Build Advisor. Get it on Overwolf

Go to:

Details

  • Created by: Autumn
  • Published on: Aug 10, 2018
  • Modified on: Aug 10, 2018
  • Patch: 4.0.0
Show
View Real Time Build Order
Export as new Build Order

Comments (1)

On Aug. 14, 2018, 10:22 p.m., erieljr  said:

A little explanation on the purpose/usage of the units being produced would be nice.

Create an account to comment!